 Dungeon Crawl Stone Soup version 0.28.0-1-gb440e238dd (webtiles) character file.

Game seed: 9227365440362740388

267 fragbeetle the Slasher (level 6, -1/51 HPs)
             Began as a Minotaur Monk on Feb 23, 2022.
             Slain by an ogre (10 damage)
             ... on level 4 of the Dungeon.
             The game lasted 00:04:33 (2916 turns).

fragbeetle the Slasher (Minotaur Monk)              Turns: 2916, Time: 00:04:34

Health: -1/51      AC: 10    Str: 18    XL:     6   Next: 0%
Magic:  5/5        EV:  5    Int:  7    God:
Gold:   129        SH:  3    Dex: 12    Spells: 5/5 levels left

rFire   . . .      SeeInvis .   h - +1 demon blade (freeze)
rCold   . . .      Faith    .   d - +0 buckler
rNeg    . . .      Spirit   .   m - +0 plate armour
rPois   .          Reflect  .   (helmet restricted)
rElec   .          Harm     .   (no cloak)
rCorr   .          Rampage  .   (no gloves)
Will    .....                   (no boots)
Stlth   ..........              (no amulet)
HPRegen 0.17/turn               (no ring)
MPRegen 0.09/turn               (no ring)

@: no status effects
A: horns 2, retaliatory headbutt
a: no special abilities


You were on level 4 of the Dungeon.
You visited 1 branch of the dungeon, and saw 4 of its levels.

You collected 129 gold pieces.

Inventory:

Hand Weapons
 a - a +0 hand axe
 h - a +1 demon blade of freezing (weapon)
 x - a +2 dagger of venom
Missiles
 f - 43 arrows
 l - 3 boomerangs (quivered)
 s - 5 poisoned darts
Armour
 b - a +0 robe
 d - a +0 buckler (worn)
 m - a +0 plate armour (worn)
Wands
 u - a wand of iceblast (12)
Scrolls
 c - a scroll of amnesia {unknown}
 e - 3 scrolls of identify {unknown}
 j - a scroll of noise {unknown}
 k - a scroll of enchant weapon {unknown}
 p - a scroll of teleportation {unknown}
 q - a scroll of summoning {unknown}
 r - a scroll of acquirement {unknown}
 t - a scroll of vulnerability {unknown}
 w - a scroll of immolation {unknown}
Potions
 g - a potion of haste {unknown}
 i - a potion of curing {unknown}
 n - 2 potions of heal wounds {unknown}
 o - a potion of mutation {unknown}
 v - a potion of might {unknown}


   Skills:
 - Level 3.6 Fighting
 + Level 6.7 Long Blades
 - Level 4.3 Axes
 - Level 3.2 Dodging
 - Level 1.5 Stealth


You had 5 spell levels left.
You didn't know any spells.
Your spell library was empty.

Dungeon Overview and Level Annotations

Branches:
Dungeon (4/15)
 Temple: D:4-7

Altars:
Sif Muna
Zin


Innate Abilities, Weirdness & Mutations

You have a pair of horns on your head.
You reflexively headbutt those who attack you in melee.


Message History

No target in view!
No target in view!
n - 2 fuming red potions (gained 1)
You now have 129 gold pieces (gained 27).
You see here a +0 chain mail.
An ogre comes into view. It is wielding a +0 giant spiked club.
The ogre shouts!
Throw: 9 darts (poison)
Press: ? - help, Shift-Dir - straight line, f - ogre
Aim: an ogre, wielding a +0 giant spiked club (73% to hit)
You throw a poisoned dart. The poisoned dart hits the ogre.
Throw: 8 darts (poison)
Press: ? - help, Shift-Dir - straight line, f/p - ogre
Aim: an ogre, wielding a +0 giant spiked club (73% to hit)
You throw a poisoned dart. The poisoned dart hits the ogre.
The ogre is poisoned.
Throw: 7 darts (poison)
Press: ? - help, Shift-Dir - straight line, f/p - ogre
Aim: an ogre, wielding a +0 giant spiked club (lightly wounded, poisoned, 73% to hit)
You throw a poisoned dart. The poisoned dart hits the ogre.
The ogre is lightly wounded.
A bullfrog skeleton comes into view.
Throw: 6 darts (poison)
Press: ? - help, Shift-Dir - straight line, f/p - ogre
Aim: an ogre, wielding a +0 giant spiked club (lightly wounded, poisoned, 73% to hit)
You throw a poisoned dart. The poisoned dart hits the ogre.
The ogre looks even sicker.
The ogre is lightly wounded.
A kobold comes into view. It is wielding a +0 dagger.
A scorpion comes into view.
You closely miss the ogre.
The ogre is lightly wounded.
The ogre hits you with a +0 giant spiked club!!
Ouch! That really hurt!
You hit the ogre. You freeze the ogre. Your headbutt misses the ogre.
The ogre is moderately wounded.
The ogre hits you with a +0 giant spiked club!
* * * LOW HITPOINT WARNING * * *
The ogre hits you with a +0 giant spiked club!
You die...

........ ##########+##.(....
#...........##(....#
#...........##(...#
#...<.........(.s.###########
#........<......K........##..
#........................##..
#........[...O...........##..
#...........@Z...........##..
######'###..............##..
#####.# #####..........##..
#.....# #######.....<..
#.############# #........
#.............# #........
########......#####'#####........
..............'.#....#..'........
.#######......#.#....#.##........


You could see an ogre (poisoned), a scorpion, a kobold and a bullfrog skeleton.

Vanquished Creatures
  A black bear (D:2)
  2 orc wizards
  5 adders
  2 worms
  4 dart slugs
  8 orcs
  6 ball pythons
  2 endoplasms
  A giant cockroach (D:1)
  3 goblins
  7 hobgoblins
  3 quokkas
  4 bats
  4 frilled lizards
  6 kobolds
  7 rats
65 creatures vanquished.

Vanquished Creatures (others)
  5 withered plants (D:4)
5 creatures vanquished.

Grand Total: 70 creatures vanquished

Notes
Turn   | Place    | Note
-------+----------+-------------------------------------------
     0 | D:1      | fragbeetle the Minotaur Monk began the quest for the Orb.
     0 | D:1      | Reached XP level 1. HP: 19/19 MP: 0/0
   302 | D:1      | Found a faded altar of an unknown god.
   490 | D:1      | Reached XP level 2. HP: 25/26 MP: 1/1
   768 | D:2      | Reached skill level 1 in Long Blades
   815 | D:2      | Reached skill level 2 in Long Blades
   929 | D:2      | Reached XP level 3. HP: 31/31 MP: 2/2
   952 | D:2      | Found a glowing silver altar of Zin.
   955 | D:2      | Noticed a black bear
   963 | D:2      | Killed a black bear
   964 | D:2      | Reached skill level 5 in Long Blades
   964 | D:2      | Reached XP level 4. HP: 23/39 MP: 3/3
   972 | D:2      | Reached XP level 5. HP: 27/45 MP: 4/4
  2153 | D:3      | Found a shimmering blue altar of Sif Muna.
  2166 | D:3      | Reached skill level 6 in Long Blades
  2816 | D:4      | Reached XP level 6. HP: 47/51 MP: 5/5
  2916 | D:4      | Slain by an ogre

Illustrated notes

Levels and vault maps discovered:
D:1:      erik_arrival_blinker_ship, layout_basic, ebering_ecumenical_altar_box
D:2:      layout_rooms, basic_altar, chequers_serial_rivers_micro_b,
          kennysheep_generic_room_5
D:3:      layout_loops_corners, kennysheep_orc_sif_temple, wad_orctagon
D:4:      cheibrodos_helix_gallery, layout_basic, kiku_gazebo_garden_becter,
          mainiacjoe_overflow_boulevard, kennysheep_decorative_pillar,
          item_on_display_a

Skill      XL: |  1  2  3  4  5 |
---------------+----------------+-----
Axes           | 4 |  4.3
Long Blades    | 2 5 6 |  6.7
Fighting       | |  3.6
Dodging        | |  3.2
Stealth        | |  1.5

Action                   |  1- 3 |  4- 6 || total
-------------------------+-------+-------++-------
Melee: Hand axe          |    10 |       ||    10
       Demon blade       |    28 |    90 ||   118
       Headbutt          |     1 |    13 ||    14
Throw: Dart              |       |     4 ||     4
 Stab: Sleeping          |     4 |       ||     4
Armor: Robe              |     4 |       ||     4
       Plate armour      |    11 |    59 ||    70
Dodge: Dodged            |    11 |    16 ||    27
Block: Buckler           |     7 |    11 ||    18
